 Dungeon Crawl Stone Soup version 0.30.1-4-g462c640d31 (webtiles) character file.

Game seed: 13883086970038818134

128 rvierbuc the Slasher (level 4, -1/34 HPs)
             Began as a Demonspawn Gladiator on Aug 24, 2023.
             Slain by a worm (8 damage)
             ... on level 3 of the Dungeon.
             The game lasted 00:05:46 (1772 turns).

rvierbuc the Slasher (Demonspawn Gladiator)         Turns: 1772, Time: 00:05:47

Health: -1/34      AC:  8    Str: 14    XL:     4   Next: 87%
Magic:  13/13      EV: 11    Int:  9    God:
Gold:   94         SH:  0    Dex: 17    Spells: 3/3 levels left

rFire   . . .        a - +0 long sword
rCold   . . .        (no shield)
rNeg    . . .        l - +0 scale mail
rPois   .            c - +0 helmet
rElec   .            (no cloak)
rCorr   .            (no gloves)
SInv    .            j - +0 pair of boots
Will    .....        (no amulet)
Stlth   +            g - ring of magical power
HPRegen 0.25/turn    (no ring)
MPRegen 0.13/turn

%: no passive effects
@: no status effects
A: powered by pain 2, sturdy frame 1
a: no special abilities


You were on level 3 of the Dungeon.
You visited 1 branch of the dungeon, and saw 3 of its levels.

You collected 94 gold pieces.

Inventory:

Hand Weapons
 a - a +0 long sword (weapon)
 k - a +0 dagger of pain
Missiles
 d - 2 throwing nets (quivered)
 e - a javelin
Armour
 b - a +0 leather armour
 c - a +0 helmet (worn)
 j - a +0 pair of boots (worn)
 l - a +0 scale mail (worn)
Jewellery
 g - a ring of magical power (left hand)
Scrolls
 f - 3 scrolls of identify {unknown}
 i - a scroll of teleportation {unknown}
 n - a scroll of enchant weapon {unknown}
Potions
 h - a potion of ambrosia {unknown}
 m - a potion of lignification {unknown}
 o - a potion of magic {unknown}
 p - a potion of invisibility {unknown}
 q - a potion of heal wounds {unknown}


   Skills:
 + Level 2.7 Fighting
 + Level 3.7 Long Blades
 + Level 2.2 Throwing
 + Level 1.0 Armour
 + Level 3.4 Dodging


You had 3 spell levels left.
You didn't know any spells.
Your spell library contained the following spells:

 Spells                   Type           Power      Damage    Failure   Level
 Freeze                   Ice            0%         1d3       71%         1
 Frozen Ramparts          Ice            0%         1d1       97%         3
 Hailstorm                Conj/Ice       0%         3d3       97%         3


Dungeon Overview and Level Annotations

Branches:
Dungeon (3/15)

Altars:
Kikubaaqudgha


Innate Abilities, Weirdness & Mutations

You sometimes gain power by taking damage.
Your movements are slightly less encumbered by armour. (ER -2)


Message History

You barely miss the ball python.
The ball python is moderately wounded.
The ball python bites you.
* * * LOW HITPOINT WARNING * * *
The ball python constricts you.
* * * LOW HITPOINT WARNING * * *
The worm closely misses you.
The ball python bites you but does no damage.
The ball python constricts you.
Okay, then.
You closely miss the ball python.
The ball python bites you but does no damage.
The ball python constricts you. The worm bites you but does no damage.
You hit the ball python.
The ball python is severely wounded.
The ball python closely misses you. The ball python constricts you.
The ball python completely misses you. The ball python constricts you.
The worm closely misses you.
You closely miss the ball python.
The ball python is severely wounded.
The ball python barely misses you. The ball python constricts you.
You hit the ball python.
You kill the ball python!
The worm bites you but does no damage.
You slash the worm!
The worm is heavily wounded.
The worm bites you but does no damage.
You barely miss the worm.
The worm is moderately wounded.
The worm bites you but does no damage.
You hit the worm but do no damage.
The worm is moderately wounded.
You barely miss the worm.
The worm is moderately wounded.
The worm bites you.
* * * LOW HITPOINT WARNING * * *
You hit the worm.
The worm is heavily wounded.
The worm bites you!
You die...

.. ... #..
+######.#
........#
<.......#
.......w##
......#.@#
#.....(.#
#.......#
#.#...........#
#...[.........#
.[.............#
.............###
.....#.#####.#
.....#. .#


You could see a worm.

Vanquished Creatures
  2 adders
  6 gnolls
  2 worms (D:2)
  A dart slug (D:2)
  5 ball pythons
  5 bats
  2 endoplasms (D:1)
  2 giant cockroaches
  4 goblins (D:2)
  3 hobgoblins
  6 jackals (D:1)
  3 kobolds
  6 rats
47 creatures vanquished.

Notes
Turn   | Place    | Note
-------+----------+-------------------------------------------
     0 | D:1      | rvierbuc the Demonspawn Gladiator began the quest for the
                  | Orb.
     0 | D:1      | Reached XP level 1. HP: 16/16 MP: 1/1
   170 | D:1      | Gained mutation: Your movements are slightly less
                  | encumbered by armour. (ER -2) [demonic ancestry]
   170 | D:1      | Reached XP level 2. HP: 22/22 MP: 2/2
   725 | D:2      | Gained mutation: You sometimes gain a little power by
                  | taking damage. [demonic ancestry]
   725 | D:2      | Reached XP level 3. HP: 20/27 MP: 3/3
   759 | D:2      | Found a faded altar of an unknown god.
   900 | D:2      | Found an ancient bone altar of Kikubaaqudgha.
  1056 | D:1      | Gained mutation: You sometimes gain power by taking damage.
                  | [demonic ancestry]
  1056 | D:1      | Reached XP level 4. HP: 9/34 MP: 4/4
  1264 | D:2      | Reached skill level 1 in Armour
  1772 | D:3      | Slain by a worm

Illustrated notes

Levels and vault maps discovered:
D:1:      wheals_arrival_shading, layout_rooms
D:2:      layout_basic, basic_altar, ebering_ecumenical_altar_sacrificial,
          minmay_misc_feat_enclosed, minmay_misc_feat_four_crosses,
          minmay_misc_feat_tiny, nicolae_elevator_lobby_plus
D:3:      layout_basic, cheibriados_altar_1, grunt_dithmenos_smoke_and_mirrors,
          lemuel_zombie_altar_yredelemnul, gammafunk_ghost_smash

Skill      XL: |  1  2  3  4 |
---------------+-------------+-----
Throwing       | 2 |  2.2
Long Blades    | 3 |  3.7
Dodging        | 3 |  3.4
Armour         | 1 |  1.0
Fighting       | |  2.7

Action                     |  1- 3 |  4- 6 || total
---------------------------+-------+-------++-------
  Melee: Long sword        |   102 |    45 ||   147
         Punch             |     2 |       ||     2
  Throw: Throwing net      |     1 |       ||     1
   Stab: Sleeping          |     1 |       ||     1
 Armour: Leather armour    |    48 |       ||    48
         Scale mail        |    18 |    31 ||    49
  Dodge: Dodged            |    98 |    38 ||   136
